 Dungeon Crawl Stone Soup version 0.29.1-15-g9cfb28693d (webtiles) character file.

Game seed: 4372347987076717213

39 Lolow the Firebug (level 3, -1/24 HPs)
             Began as a Human Fire Elementalist on May 15, 2023.
             Succumbed to Jessica's poison
             ... on level 2 of the Dungeon.
             The game lasted 00:11:01 (1523 turns).

Lolow the Firebug (Human Fire Elementalist)         Turns: 1523, Time: 00:11:01

Health: -1/24      AC:  3    Str:  8    XL:     3   Next: 67%
Magic:  6/6        EV: 12    Int: 17    God:
Gold:   89         SH:  0    Dex: 13    Spells: 3/6 levels left

rFire   . . .      SeeInvis .   k - +0 short sword
rCold   . . .      Faith    .   (no shield)
rNeg    . . .      Spirit   .   a - +1 robe
rPois   .          Reflect  .   (no helmet)
rElec   .          Harm     .   (no cloak)
rCorr   .          Rampage  .   (no gloves)
Will    .....                   (no boots)
Stlth   +.........              (no amulet)
HPRegen 0.08/turn               i - +4 ring of slaying
MPRegen 0.10/turn               (no ring)

@: lethally poisoned (-1 -> -4), silenced, slowed, very slow
A: no striking features
a: no special abilities


You were on level 2 of the Dungeon.
You visited 1 branch of the dungeon, and saw 2 of its levels.

You collected 139 gold pieces.
You spent 50 gold pieces at shops.

Inventory:

Hand Weapons
 e - a +0 dagger
 k - a +0 short sword (weapon)
 n - a +0 sling
Missiles
 f - 25 stones
Armour
 a - a +1 robe (worn)
Jewellery
 i - a +4 ring of slaying (left hand)
Scrolls
 h - a scroll of brand weapon {unknown}
 j - 2 scrolls of vulnerability {unknown}
 l - a scroll of fear {unknown}
 m - a scroll of identify
 o - a scroll of poison {unknown}
 p - 2 scrolls of teleportation {unknown}
Potions
 d - a potion of brilliance {unknown}
 g - a potion of attraction {unknown}
 q - 2 potions of flight {unknown}


   Skills:
 + Level 0.1 Short Blades
 + Level 2.3 Dodging
 + Level 2.0 Stealth
 + Level 2.2 Spellcasting
 + Level 1.1 Conjurations
 + Level 4.0 Fire Magic


You had 3 spell levels left.
You knew the following spells:

 Your Spells              Type           Power      Damage    Failure   Level
a - Foxfire               Conj/Fire      40%        2x1d6     7%          1
b - Scorch                Fire           30%        2d6       5%          2

Your spell library contained the following spells:

 Spells                   Type           Power      Damage    Failure   Level
 Conjure Flame            Conj/Fire      10%        6-21      21%         3
 Inner Flame              Hex/Fire       8%         N/A       26%         3
 Flame Wave               Conj/Fire      10%        2d6       54%         4


Dungeon Overview and Level Annotations

Branches:
Dungeon (2/15)

Altars:

Shops:
D:1 ??[=

Annotations:
D:2 Jessica


Message History

Your foxfire dissipates!
Found a bubbling orange potion.
Found a faded altar of an unknown god.
p - 2 scrolls labelled OJUHAF OQAKA (gained 1)
You enter the shallow water.
Moving in this stuff is going to be slow.
Jessica the Apprentice Sorceress comes into view.
She is wielding a +4 dagger of venom.
Jessica shouts!
Jessica points at you and mumbles some strange words.
You feel yourself slow down.
You see here a bubbling orange potion.
Jessica gestures wildly while chanting.
Jessica blinks!
Jessica misses you.
You see here a bubbling orange potion.
Jessica attacks as you move away!
Jessica hits you with a +4 dagger of venom!
You are poisoned.
You feel very sick.
Read: scroll of silence
Press: ? - help, Q - select action, (/) - cycle Dir - look around, f - activate Look: Jessica, wielding a +4 dagger of venom and wearing a +0 robe
As you read the scroll of silence, it crumbles to dust.
A profound silence engulfs you.
You feel sick.
Jessica hits you with a +4 dagger of venom!
* * * LOW HITPOINT WARNING * * *
You are more poisoned.
Jessica barely misses you.
You feel better. Jessica closely misses you.
Magic scrolls do not work when you're silenced!
Jessica hits you with a +4 dagger of venom.
You are poisoned.
* * * LOW HITPOINT WARNING * * *
You feel very sick.
* * * LOW HITPOINT WARNING * * *
You feel sick.
Jessica hits you with a +4 dagger of venom.
* * * LOW HITPOINT WARNING * * *
* * * LOW HITPOINT WARNING * * *
You feel sick.
You die...

.~.~.....~.~............
~.~~...~~~.~............
.~≈≈~~~≈≈~~.............
~≈≈≈≈≈≈≈≈≈............#
~≈≈≈~~≈≈≈~............#
≈≈≈≈~~~~≈~.!..........#
.≈≈~~_.≈≈~.~...@......#
≈~≈~♣..~≈~..#.##.######
≈≈~≈~≈~≈≈.~#.##@#
~≈~~≈≈≈..#.##.#
≈~~~~~~~.#.##..
~~...~..#.#####
..~...~~#.# #..#### .#


You could see Jessica.

Vanquished Creatures
  A worm (D:2)
  2 dart slugs
  3 endoplasms
  3 giant cockroaches
  A goblin (D:1)
  A hobgoblin (D:2)
  4 jackals (D:1)
  A quokka (D:1)
  3 ball pythons (D:1)
  6 bats
  A frilled lizard (D:2)
  3 kobolds (D:1)
  A rat (D:1)
30 creatures vanquished.

Vanquished Creatures (others)
  32 foxfires
32 creatures vanquished.

Grand Total: 62 creatures vanquished

Notes
Turn   | Place    | Note
-------+----------+-------------------------------------------
     0 | D:1      | Lolow the Human Fire Elementalist began the quest for the
                  | Orb.
     0 | D:1      | Reached XP level 1. HP: 13/13 MP: 3/3
   110 | D:1      | Reached XP level 2. HP: 19/19 MP: 5/5
   119 | D:1      | Learned a level 2 spell: Scorch
   194 | D:1      | Found Vampicw's Magic Scroll Shoppe.
   197 | D:1      | Bought a scroll of identify for 22 gold pieces
   256 | D:1      | Found Cadynis's Magic Scroll Shoppe.
   477 | D:1      | Bought a scroll of identify for 28 gold pieces
   494 | D:1      | Found Coir's Armour Boutique.
   640 | D:1      | Reached XP level 3. HP: 18/24 MP: 2/6
   749 | D:1      | Found Peth's Jewellery Emporium.
  1425 | D:2      | Reached skill level 4 in Fire Magic
  1504 | D:2      | Found a faded altar of an unknown god.
  1511 | D:2      | Noticed Jessica
  1522 | D:2      | HP: 1/24 [poisoned by Jessica]
  1523 | D:2      | Succumbed to Jessica's poison

Illustrated notes

Levels and vault maps discovered:
D:1:      minmay_arrival_open_corners, layout_loops_ring, serial_shops, shop,
          nicolae_lakefront_shop, shop_coins, shop
D:2:      layout_basic, chequers_ecumenical_altar_island, uniq_robin,
          uniq_jessica

Skill      XL: |  1  2  3 |
---------------+----------+-----
Fire Magic     | 4 |  4.0
Short Blades   | |  0.1
Dodging        | |  2.3
Stealth        | |  2.0
Spellcasting   | |  2.2
Conjurations   | |  1.1

Action                   || total
-------------------------++-------
Melee: Dagger            ||    25
       Short sword       ||    10
 Cast: Foxfire           ||    23
       Scorch            ||     9
  Use: Scroll            ||     5
       Potion            ||     2
 Stab: Sleeping          ||     1
Armor: Robe              ||    28
Dodge: Dodged            ||    54
